Map: Catalyst LE

Players

harstem - Winner!

  • Race: Protoss Protoss
  • Spawn Location: 11:00

Tesla (Rob)

  • Race: Protoss Protoss
  • Spawn Location: 5:00

Event: WCS Austin 2018

VOD

Have the link to the VOD?

Description

Time

  • Played on: June 1, 2018, 2:56 p.m.
  • Length: 12:57

All games in this series

Show
View Real Time Build Order
Export as new Build Order

harstem Protoss - Winner!

Build Orders:  

Get SALT Encoding   

  12  0:01  Probe  
  13  0:13  Probe  
  14  0:20  Pylon  
  14  0:25  Probe  
  15  0:34  Probe  
  15  0:38  Gateway  
  15  0:42  Probe  
  16  0:48  Assimilator  
  17  0:52  Probe  
  17  0:55  Assimilator  
  18  1:04  Probe  
  18  1:10  Gateway  
  19  1:12  Probe  
  20  1:20  Probe  
  21  1:26  Cybernetics Core  
  21  1:31  Probe  
  22  1:36  Pylon  
  22  1:43  Probe  
  23  2:03  Adept x2, Warp Gate  
  27  2:19  Robotics Facility  
  27  2:30  Pylon  
  27  2:31  Stalker  
  27  2:34  Stalker  
  30  2:58  Pylon  
  30  3:09  Nexus  
  30  3:10  Immortal  
  34  3:40  Warp Prism  
  32  3:42  Gateway  
  32  3:43  Sentry  
  34  3:56  Shield Battery  
  34  4:04  Probe  
  34  4:09  Sentry  
  37  4:16  Probe  
  38  4:21  Sentry  
  38  4:23  Probe  
  41  4:28  Probe  
  42  4:35  Probe  
  42  4:37  Stalker x2  
  47  4:44  Probe  
  46  4:53  Pylon  
  46  4:54  Sentry  
  46  4:56  Stalker  
  50  5:03  Probe x2  
  52  5:12  Warp Prism  
  54  5:18  Stalker  
  54  5:19  Sentry  
  54  5:20  Sentry  
  60  5:26  Probe  
  61  5:31  Pylon  
  61  5:47  Immortal  
  59  5:50  Zealot x2  
  59  5:51  Zealot  
  59  5:53  Probe  
  59  5:54  Probe  
  55  6:05  Probe  
  55  6:06  Probe  
  57  6:13  Twilight Council  
  57  6:15  Adept x2  
  57  6:16  Sentry  
  63  6:19  Shield Battery  
  63  6:21  Probe  
  65  6:29  Assimilator  
  65  6:31  Pylon  
  64  6:37  Adept x2  
  68  6:42  Shield Battery  
  68  6:49  Immortal  
  66  6:54  Sentry  
  66  6:57  Probe  
  73  7:02  Shield Battery  
  71  7:10  Adept x2, Probe  
  71  7:13  Probe  
  77  7:17  Pylon  
  77  7:18  Assimilator  
  77  7:23  Probe  
  77  7:26  Immortal, Blink  
  78  7:36  Probe x2  
  78  7:48  Probe  
  80  7:54  Forge  
  80  7:59  Gateway  
  80  8:00  Gateway  
  80  8:01  Observer, Pylon  
  80  8:20  Stalker  
  80  8:21  Probe  
  83  8:27  Protoss Ground Weapons Level 1  
  83  8:28  Pylon  
  83  8:29  Stalker x2  
  83  8:32  Robotics Bay  
  87  8:39  Probe  
  88  8:48  Dark Shrine  
  88  9:03  Nexus  
  88  9:04  Pylon  
  88  9:05  Probe x2  
  88  9:09  Disruptor  
  90  9:10  Pylon  
  90  9:20  Probe  
  94  9:24  Probe  
  94  9:25  Robotics Facility  
  95  9:33  Probe  
  95  9:34  Shield Battery  
  95  9:36  Disruptor, Photon Cannon  
  95  9:37  Probe, Photon Cannon  
  97  9:45  Probe  
  98  9:49  Probe  
  102  9:57  Probe  
  103  10:01  Dark Templar  
  103  10:03  Dark Templar x2  
  108  10:09  Probe  
  108  10:11  Assimilator  
  108  10:12  Pylon  
  106  10:17  Assimilator  
  106  10:26  Disruptor  
  109  10:31  Stalker x2  
  109  10:33  Probe  
  114  10:37  Disruptor  
  117  10:45  Zealot x3  
  123  11:02  Zealot x2  
  123  11:03  Charge  
  127  11:04  Disruptor  
  127  11:10  Dark Templar x2  
  127  11:11  Zealot  
  134  11:16  Probe  
  119  11:29  Disruptor  
  119  11:30  Nexus  
  118  11:34  Pylon  
  118  11:49  Disruptor  
  118  11:52  Stalker x4  
  118  11:53  Stalker  
  126  12:05  Probe  
  127  12:15  Disruptor  
  127  12:21  Stalker x3  
  134  12:27  Gateway  
  134  12:28  Gateway  
  134  12:29  Gateway  
  129  12:49  Stalker x5  
Show
View Real Time Build Order
Export as new Build Order

Tesla Protoss 

Build Orders: Phoenix Opening 

Get SALT Encoding   

  12  0:00  Probe  
  13  0:12  Probe  
  14  0:21  Pylon  
  14  0:24  Probe  
  15  0:35  Probe  
  15  0:41  Gateway  
  16  0:43  Probe  
  17  0:52  Assimilator  
  17  0:53  Probe  
  17  0:56  Assimilator  
  18  1:05  Probe  
  18  1:10  Gateway  
  19  1:18  Probe  
  20  1:29  Cybernetics Core  
  20  1:30  Probe  
  21  1:34  Pylon  
  21  1:42  Probe  
  23  1:54  Probe  
  23  1:55  Stalker x2  
  23  2:06  Warp Gate  
  27  2:15  Pylon  
  27  2:25  Stalker  
  27  2:26  Stalker  
  30  2:44  Stargate  
  30  3:11  Nexus  
  30  3:19  Probe  
  31  3:25  Phoenix  
  31  3:31  Probe  
  34  3:43  Probe  
  34  3:47  Phoenix  
  35  3:50  Robotics Facility  
  37  3:56  Probe  
  38  4:07  Shield Battery  
  38  4:08  Probe  
  39  4:15  Phoenix  
  39  4:19  Pylon  
  39  4:20  Probe  
  39  4:23  Probe  
  42  4:28  Probe  
  43  4:35  Probe  
  43  4:37  Observer  
  46  4:38  Probe  
  47  4:49  Stalker, Sentry  
  47  4:51  Gateway  
  51  4:54  Probe x2  
  51  4:59  Immortal  
  53  5:06  Probe  
  58  5:07  Probe  
  57  5:16  Stalker  
  57  5:18  Stalker  
  61  5:23  Pylon  
  57  5:47  Stalker x3  
  57  5:54  Probe x2  
  54  6:01  Warp Prism  
  54  6:02  Probe  
  54  6:06  Probe  
  58  6:11  Stalker x2  
  58  6:15  Probe  
  58  6:16  Stalker, Probe  
  64  6:24  Probe  
  66  6:27  Probe  
  66  6:32  Pylon  
  68  6:37  Twilight Council  
  70  6:43  Adept x2  
  70  6:50  Probe  
  65  6:56  Probe  
  65  6:59  Stalker  
  68  7:04  Stalker  
  68  7:07  Probe  
  68  7:08  Probe  
  70  7:16  Assimilator  
  70  7:17  Assimilator  
  70  7:19  Probe  
  70  7:20  Probe  
  72  7:26  Pylon  
  72  7:28  Stalker x3  
  74  7:39  Probe  
  74  7:44  Blink  
  75  7:45  Probe  
  75  7:50  Probe  
  77  7:57  Probe, Forge  
  78  8:13  Robotics Bay  
  78  8:17  Pylon  
  78  8:20  Robotics Facility  
  78  8:21  Pylon  
  78  8:32  Pylon  
  78  8:33  Protoss Ground Weapons Level 1  
  78  8:35  Probe  
  78  8:49  Nexus  
  78  8:51  Disruptor  
  78  8:52  Pylon  
  79  9:03  Stalker x3  
  85  9:10  Disruptor  
  85  9:13  Probe x2  
  90  9:20  Disruptor  
  90  9:25  Probe x2  
  95  9:37  Probe x2, Disruptor  
  97  9:45  Stalker x2  
  104  9:54  Probe x2  
  104  9:58  Photon Cannon  
  106  10:05  Probe  
  106  10:06  Probe x2  
  109  10:10  Disruptor  
  109  10:12  Stalker x2  
  112  10:17  Probe  
  112  10:19  Disruptor  
  119  10:28  Stalker  
  119  10:32  Assimilator  
  119  10:33  Assimilator  
  121  10:40  Pylon  
  121  10:43  Pylon  
  121  10:48  Observer  
  121  10:49  Observer  
  117  11:00  Stalker x3  
  107  11:28  Stalker x3  
  91  11:47  Gateway  
  91  11:49  Gateway  
  91  11:59  Nexus  
  91  12:00  Pylon  
  91  12:01  Stalker  
  91  12:06  Pylon  
  91  12:08  Pylon  
  90  12:12  Probe x2  
  87  12:19  Photon Cannon  
  74  12:37  Nexus  
  74  12:49  Stalker x2  
Tags
 
Add a new tag
Caveats
  • Supply blocks, unpowered buildings, or Contaminate may cause inaccurate times.
  • Supply counts are checked every 10 seconds.